Reak Nek, lawful female dwarven Valkyrie ----. ---..<. |...... |... ---I Reak Nek the Fighter Experience level: 7 Strength: 17 Dexterity: 14 Constitution: 18 Intelligence: 9 Wisdom: 10 Charisma: 7 Health: 0(81) Energy: 12(12) Def: 7 Gold: 1613 Moves: 4197 Dungeon seed: 04YQiMP6S2GrbWHu Game ID: Reak Nek_1504513750 Your Inventory: Coins $ - 1613 gold pieces Weapons a - the blessed rustproof +1 Excalibur (weapon in hand) b - a +0 dagger Armor e - an uncursed +3 small shield (being worn) n - an uncursed +0 pair of high boots (being worn) N - an uncursed +0 cloak of magic resistance (being worn) T - an uncursed +0 dwarvish iron helm U - an uncursed +0 pair of iron shoes Y - an uncursed +0 orcish helm Comestibles p - 5 uncursed food rations Scrolls o - a cursed scroll of create monster t - a blessed scroll of enchant weapon v - a cursed scroll of confuse monster y - an uncursed scroll of teleportation z - a cursed scroll of light A - an uncursed scroll of remove curse G - 3 uncursed scrolls of blank paper L - 2 uncursed scrolls of identify Spellbooks h - an uncursed spellbook of invisibility Potions l - an uncursed potion of levitation m - 2 cursed potions of sleeping x - a cursed potion of booze B - 2 cursed potions of monster detection K - an uncursed potion of water Q - an uncursed potion of restore ability R - a cursed potion of object detection Rings f - an uncursed ring of teleportation C - an uncursed ring of cold resistance D - a cursed ring of warning H - an uncursed ring of conflict Wands j - a wand of cold (0:0) w - a cursed wand of digging (0:3) E - a cursed wand of cold (0:1) O - a wand of teleportation (0:5) Tools d - an uncursed oil lamp (0:1267) M - an uncursed skeleton key P - an uncursed tin whistle S - an uncursed mirror Gems q - an uncursed worthless piece of orange glass r - an uncursed luckstone Spells and supernatural/magical abilities: Name Level Category Fail Memory W - pray for help -- divine ? -- Your skills at the end: Fighting Skills Weapon Skills dagger [Basic] long sword [Skilled] Spellcasting Skills Final Attributes: You were piously aligned. You were cold resistant. You were level-drain resistant. You were magic-protected. You had automatic searching. You had infravision. You were stealthy. You were fast. You were lucky. You had extra luck. Bad luck did not time out for you. Good luck did not time out for you. You are dead. Vanquished creatures: The Oracle a ghost 4 wolves 2 leprechauns a giant spider a dwarf lord a gnome mummy an imp a water nymph 5 Mordor orcs an orc shaman a kobold mummy 3 elf zombies a ghoul a straw golem 2 paper golems 2 kittens a homunculus a kobold lord 2 kobold shamans a centipede 2 giant bats 5 dwarf zombies a wererat 2 werejackals a killer bee 2 acid blobs a coyote 3 hobbits a large kobold a hobgoblin a cave spider 3 yellow molds 3 gnomes a gnome zombie 2 geckos 7 jackals a fox 2 kobolds 2 goblins a sewer rat 6 grid bugs 5 bats a lichen 2 kobold zombies 4 newts 94 creatures vanquished. Voluntary challenges: You had been an atheist until turn 2675. You used a wielded weapon 125 times, starting on turn 4. You read items or engraved 2 times, starting on turn 452. You never genocided any monsters. You never polymorphed an object. You changed form 1 time, starting on turn 2647. You used no wishes. You never split a pudding. You never wrote Elbereth's name. You violated your moral code, losing 50 points of alignment, starting on turn 2688. Dungeon overview: The Dungeons of Doom: levels 1 to 8 Level 1 some sinks a long staircase Level 2 a general store Level 3 a fountain Level 4 stairs to The Gnomish Mines Level 5 Level 6 Level 7 Level 8 some fountains The Gnomish Mines: levels 5 to 11 Level 5 stairs to The Dungeons of Doom Level 6 Level 8 Level 9 Level 10 Level 11 <- You were here History has recorded: On T:1 you entered the Dungeons of Doom to retrieve the Amulet of Yendor! On T:371 you reached level 2 of The Dungeons of Doom. On T:615 you advanced to experience level 2. On T:887 you reached level 3 of The Dungeons of Doom. On T:1162 you reached level 4 of The Dungeons of Doom. On T:1321 you advanced to experience level 3. On T:1493 you reached level 5 of The Dungeons of Doom. On T:1732 you advanced to experience level 4. On T:1802 you reached level 6 of The Dungeons of Doom. On T:2104 you reached level 7 of The Dungeons of Doom. On T:2320 you advanced to experience level 5. On T:2569 you reached level 8 of The Dungeons of Doom. On T:2688 you advanced to experience level 6. On T:3088 you reached level 1 of The Gnomish Mines. On T:3155 you reached level 2 of The Gnomish Mines. On T:3237 you reached level 4 of The Gnomish Mines. On T:3428 you reached level 5 of The Gnomish Mines. On T:3720 you reached level 6 of The Gnomish Mines. On T:3796 you advanced to experience level 7. On T:4176 you reached level 7 of The Gnomish Mines. Score breakdown: Gold: 1613 (10912 points) Experience: 7 levels (13645 points) Exploration: 11 levels ( 22.92%) (13837 points) Discoveries: 5 items ( 2.04%) ( 4285 points) Valuables value: (no points given unless you survive) Artifact value: 4000 (12253 points) Variety of kills: 46 monsters ( 12.07%) (10424 points) Turncount: 4197 turns (-1095 points) Survival: died (score multiplied by 80%) Total score: 51408 Latest messages: Velkommen Reak Nek, the dwarven Valkyrie, welcome back to NetHack! You faint from lack of food. You come to. You hit the giant spider! The giant spider bites! You hit the giant spider! You faint from lack of food. It bites! (5x) You die... Final status: Farvel Reak Nek the Valkyrie, killed by a giant spider, while fainted from lack of food... You died in The Gnomish Mines on dungeon level 11 with 51408 points, and 1613 pieces of gold, after 4197 moves. You were level 7 with a maximum of 81 hit points when you died.